 Dungeon Crawl Stone Soup version 0.29-a0-830-gcb1280458a (webtiles) character file.

Game seed: 4365364709834278755

6723 ytrimaz the Fighter (level 10, -7/94 HPs)
             Began as a Demonspawn Fighter on July 11, 2022.
             Mangled by a sixfirhy (9 damage)
             ... summoned by a kobold demonologist
             ... on level 9 of the Dungeon.
             The game lasted 00:14:48 (13720 turns).

ytrimaz the Fighter (Demonspawn Fighter)           Turns: 13720, Time: 00:14:49

Health: -7/94      AC: 22    Str: 17    XL:     10   Next: 74%
Magic:  10/10      EV:  9    Int: 12    God:
Gold:   434        SH:  5    Dex: 16    Spells: 9/9 levels left

rFire   + + +      SeeInvis .   a - +0 rapier
rCold   + . .      Faith    .   c - +0 buckler
rNeg    . . .      Spirit   .   i - +0 plate armour
rPois   .          Reflect  .   (no helmet)
rElec   .          Harm     .   H - scarf {rC+ rF+}
rCorr   +          Rampage  .   u - +0 pair of gloves
Will    .....                   p - +0 pair of boots of the Imp {rF++ Int+2}
Stlth   ..........              J - amulet of magic regeneration
HPRegen 0.25/turn               k - ring of resist corrosion
MPRegen 0.52/turn               y - +4 ring of evasion

@: sanguine armoured
A: demonic guardian 3, powered by pain 1, sanguine armour 1
a: no special abilities


You were on level 9 of the Dungeon.
You visited 2 branches of the dungeon, and saw 10 of its levels.

You collected 534 gold pieces.
You spent 100 gold pieces at shops.

Inventory:

Hand Weapons
 a - a +0 rapier (weapon)
Armour
 c - a +0 buckler (worn)
 i - a +0 plate armour (worn)
 p - the +0 pair of boots of the Imp (worn) {rF++ Int+2}
   (You found it on level 3 of the Dungeon)

   Int:       It affects your intelligence (+2).
   rF:        It greatly protects you from fire.
 u - a +0 pair of gloves (worn)
 C - a +2 ring mail of willpower
 H - a scarf of resistance (worn)
Jewellery
 k - a ring of resist corrosion (left hand)
 r - a ring of fire
 y - a +4 ring of evasion (right hand)
 z - an amulet of faith
 J - an amulet of magic regeneration (around neck)
Wands
 b - a wand of paralysis (8)
 A - a wand of digging (2)
 G - a wand of flame (7)
 K - a wand of iceblast (4)
Scrolls
 e - a scroll of vulnerability
 g - 2 scrolls of silence
 h - 5 scrolls of teleportation
 m - a scroll of fog
 o - 3 scrolls of enchant weapon
 s - 5 scrolls of blinking
 v - 2 scrolls of immolation
 w - a scroll of identify
 x - 2 scrolls of enchant armour
 B - 2 scrolls of summoning
 D - a scroll of magic mapping
 F - a scroll of poison
Potions
 d - a potion of might
 f - a potion of berserk rage
 j - 2 potions of attraction
 l - 5 potions of brilliance
 n - 3 potions of heal wounds
 q - a potion of ambrosia
 t - a potion of lignification
 E - a potion of magic
 L - 2 potions of curing


   Skills:
 - Level 14.0 Fighting
 - Level 4.2 Short Blades
 * Level 7.8 Armour
 - Level 2.6 Shields


You had 9 spell levels left.
You didn't know any spells.
Your spell library contained the following spells:

 Spells                   Type           Power      Damage    Failure   Level
 Beastly Appendage        Tmut           0%         N/A       100%        1
 Necrotise                Necr           0%         1d4       100%        1
 Sandblast                Erth           0%         2d4       100%        1
 Summon Small Mammal      Summ           0%         N/A       100%        1
 Blink                    Tloc           0%         N/A       100%        2
 Passwall                 Tmut/Erth      0%         N/A       100%        2
 Wereblood                Tmut           0%         N/A       100%        2
 Call Canine Familiar     Summ           0%         N/A       100%        3
 Frozen Ramparts          Ice            0%         1d2       100%        3
 Gell's Gravitas          Tloc           0%         N/A       100%        3
 Spider Form              Tmut/Pois      0%         N/A       100%        3
 Stone Arrow              Conj/Erth      0%         3d7       100%        3
 Summon Guardian Golem    Hex/Summ       0%         N/A       100%        3
 Teleport Other           Tloc           0%         N/A       100%        3
 Vampiric Draining        Necr           0%         2d6       100%        3
 Ice Form                 Ice/Tmut       0%         N/A       100%        4
 Summon Ice Beast         Ice/Summ       0%         N/A       100%        4
 Agony                    Necr           0%         N/A       100%        5
 Manifold Assault         Tloc           0%         N/A       100%        5
 Dispersal                Tloc           0%         N/A       100%        6
 Storm Form               Tmut/Air       0%         N/A       100%        7


Dungeon Overview and Level Annotations

Branches:
Dungeon (9/15)             Temple (1/1) D:7
   Lair: D:8-11         Orc: D:9-12

Altars:
Cheibriados
Fedhas
Gozag
Hepliaklqana
Qazlal
Ru
Sif Muna
Uskayaw
Vehumet
Wu Jian
Xom
Yredelemnul

Shops:
D:1 *   D:5 *   D:6 !


Innate Abilities, Weirdness & Mutations

A powerful demonic guardian rushes to your aid.
You sometimes gain a little power by taking damage.
When seriously injured, your blood forms armour. (AC +6)


Message History

You hit the yak.
The yak is almost dead.
The kobold demonologist gestures wildly while chanting.
The yak barely misses you.
You are too injured to fight recklessly!
You puncture the yak!
You kill the yak!
The sun demon hits you but does no damage.
You are too injured to fight recklessly!
You hit the kobold demonologist.
The kobold demonologist is lightly wounded.
The kobold demonologist gestures wildly while chanting.
The sun demon hits you!
A demonic guardian appears!
You are engulfed in flames.
You resist.
You are too injured to fight recklessly!
You puncture the kobold demonologist!
The kobold demonologist is moderately wounded.
Your sixfirhy hits the sixfirhy!
Your sixfirhy shocks the sixfirhy.
The sixfirhy completely resists.
The kobold demonologist hits you with a +0 dagger.
* * * LOW HITPOINT WARNING * * *
You block the sun demon's attack.
You block the kobold demonologist's attack.
You hit the kobold demonologist but do no damage.
The kobold demonologist is moderately wounded.
The sun demon hits you.
* * * LOW HITPOINT WARNING * * *
You are engulfed in flames.
You resist.
* * * LOW HITPOINT WARNING * * *
The kobold demonologist barely misses you.
The sun demon hits you!
* * * LOW HITPOINT WARNING * * *
You are engulfed in flames.
You resist.
* * * LOW HITPOINT WARNING * * *
You hit the kobold demonologist.
The kobold demonologist is heavily wounded.
You block the sixfirhy's attack. The sixfirhy hits you.
* * * LOW HITPOINT WARNING * * *
The sixfirhy shocks you!
You die...

.................#
.................#
.................#
.................#
.................#
.................#
..... .........3.#
..... .........3.#
..... .........3@#
##### ##########K#
#Y#
################Y#
....§....g.Y..§5Y#
...........Y<...5#
###..###########.#
#..# #.# #..# #.#


You could see a sun demon (summoned), a kobold demonologist, 3 yaks, a sixfirhy
(summoned, ally target), a shadow imp (summoned), an ufetubus (summoned) and a
friendly sixfirhy (summoned).

Vanquished Creatures
  2 kobold demonologists (D:9)
  Sigmund (D:6)
  6 yaks
  A steam dragon (D:8)
  2 water moccasins
  An ice beast (D:6)
  2 sky beasts
  A black bear (D:5)
  2 ogres
  A centaur (D:8)
  2 phantoms
  2 kobold brigands
  3 bullfrogs
  A scorpion (D:6)
  A necrophage (D:7)
  4 wights (D:7)
  2 killer bees (D:9)
  2 howler monkeys (D:6)
  3 hounds
  A gnoll bouda (D:7)
  2 orc priests
  An iguana (D:7)
  3 orc wizards (D:8)
  7 gnolls
  10 adders
  2 ufetubi
  4 worms
  3 dart slugs
  10 orcs
  6 bats
  10 endoplasms
  4 giant cockroaches
  4 goblins
  8 hobgoblins
  3 jackals (D:1)
  13 kobolds
  4 quokkas
  15 ball pythons
  3 frilled lizards
  5 rats
157 creatures vanquished.

Vanquished Creatures (collateral kills)
  A two-headed ogre (D:9)
  2 hornets (D:9)
  5 yaks
  A wyvern (D:7)
  An acid dragon (D:7)
  An orc warrior (D:6)
  2 black bears
  An ogre (D:6)
  2 phantoms
  A kobold brigand (D:8)
  2 killer bees (D:9)
  An orc priest (D:9)
  An iguana (D:5)
  3 orc wizards
  An adder (D:6)
  A shadow imp (D:5)
  A white imp (D:5)
  An ufetubus (D:6)
  An orc (D:9)
  An endoplasm (D:2)
  A hobgoblin (D:2)
  A quokka (D:1)
  3 kobolds (D:8)
35 creatures vanquished.

Grand Total: 192 creatures vanquished

Notes
Turn   | Place    | Note
-------+----------+-------------------------------------------
     0 | D:1      | ytrimaz the Demonspawn Fighter began the quest for the Orb.
     0 | D:1      | Reached XP level 1. HP: 18/18 MP: 1/1
    98 | D:1      | Found Ommer's Assorted Antiques.
   293 | D:1      | Gained mutation: A weak demonic guardian rushes to your
                  | aid. [demonic ancestry]
   293 | D:1      | Reached XP level 2. HP: 15/24 MP: 2/2
  1016 | D:1      | Gained mutation: A demonic guardian rushes to your aid.
                  | [demonic ancestry]
  1016 | D:1      | Reached XP level 3. HP: 8/29 MP: 3/3
  2017 | D:2      | Identified the +1 robe of Semmivuqe {Stlth+}
  2087 | D:2      | Reached XP level 4. HP: 17/35 MP: 4/4
  2604 | D:2      | Found a faded altar of an unknown god.
  3057 | D:3      | Identified the +0 pair of boots of the Imp {rF++ Int+2}
  3749 | D:4      | Noticed a phantom
  3770 | D:4      | Killed a phantom
  3771 | D:4      | Reached skill level 4 in Fighting
  3771 | D:4      | Gained mutation: A powerful demonic guardian rushes to your
                  | aid. [demonic ancestry]
  3771 | D:4      | Reached XP level 5. HP: 42/43 MP: 5/5
  3907 | D:4      | Found an ornate altar of the Wu Jian Council.
  4357 | D:4      | Reached skill level 5 in Fighting
  4410 | D:4      | Noticed a phantom
  4469 | D:4      | Identified the +5 mace of Cykar {vorpal, Drain Fragile rC++
                  | Dex+9}
  4480 | D:4      | Gained mutation: When seriously injured, your blood forms
                  | armour. (AC +6) [demonic ancestry]
  4480 | D:4      | Reached XP level 6. HP: 32/51 MP: 6/6
  4504 | D:4      | Reached skill level 6 in Fighting
  5097 | D:5      | Entered Level 5 of the Dungeon
  5118 | D:5      | Found Wydwalik's General Store.
  5246 | D:5      | Reached XP level 7. HP: 43/59 MP: 7/7
  5342 | D:5      | Reached skill level 7 in Fighting
  6013 | D:5      | Found a hazy altar of Hepliaklqana.
  6014 | D:5      | Found a shimmering altar of Xom.
  6015 | D:5      | Noticed a spectral ugly thing
  6063 | D:6      | Reached skill level 8 in Fighting
  6222 | D:6      | Reached skill level 9 in Fighting
  6222 | D:6      | Gained mutation: You sometimes gain a little power by
                  | taking damage. [demonic ancestry]
  6222 | D:6      | Reached XP level 8. HP: 9/71 MP: 8/8
  6994 | D:6      | Found Utiyrir's Distillery.
  7105 | D:6      | Bought a potion of haste for 100 gold pieces
  7124 | D:6      | Reached skill level 10 in Fighting
  7327 | D:6      | Noticed Sigmund
  7363 | D:6      | Killed Sigmund
  7436 | D:6      | Reached skill level 11 in Fighting
  8130 | D:7      | Reached XP level 9. HP: 47/81 MP: 9/9
  8301 | D:7      | Found a radiant altar of Vehumet.
  8861 | D:7      | Found a staircase to the Ecumenical Temple.
  9006 | D:7      | Reached skill level 12 in Fighting
  9229 | Temple   | Entered the Ecumenical Temple
  9954 | D:8      | Found a snail-covered altar of Cheibriados.
 10394 | D:8      | Reached skill level 13 in Fighting
 10824 | D:8      | Reached XP level 10. HP: 36/93 MP: 10/10
 10833 | D:8      | Reached skill level 14 in Fighting
 12103 | D:9      | Noticed a two-headed ogre
 12508 | D:9      | Paralysed by a hornet for 3 turns
 12520 | D:9      | Paralysed by a hornet for 3 turns
 12855 | D:9      | Killed a two-headed ogre
 12856 | D:9      | Reached skill level 5 in Armour
 12966 | D:9      | Noticed a soul eater
 13716 | D:9      | Noticed a sun demon
 13718 | D:9      | Noticed a sixfirhy
 13720 | D:9      | HP: 2/94 [sixfirhy[a kobold demonologist] (3)]
 13720 | D:9      | Mangled by a sixfirhy

Illustrated notes

Levels and vault maps discovered:
D:1:      dpeg_arrival_leaves_temple_mockup, layout_loops_ring, serial_shops,
          nicolae_lakefront_shop, minmay_pentomino_x2
D:2:      minmay_razor_zed, layout_loops_ring, shapermc_ecumenical_altar_pompeii
D:3:      layout_loops_corners
D:4:      minmay_clustersquares, layout_loops_ring,
          nicolae_wu_jian_immortal_techniques, grunt_ministairs_15
D:5:      layout_loops_cross, regret_index_temple_of_mockery, serial_shops,
          shop_fountains, minmay_misc_feat_cross
D:6:      layout_basic, mainiacjoe_overflow_alcove_1, serial_shops, shop,
          kennysheep_generic_room_5, uniq_sigmund
D:7:      layout_rooms, vehumet_altar_wand_db, minmay_temple_entry_nine_rooms,
          grunt_ministairs_5, nrook_mini_vaults, minivault_24, hex_medium,
          hangedman_decor_clover_reticule
D:8:      layout_gridville, kennysheep_slug_shrine
D:9:      layout_long_grid
Temple:   nicolae_temple_figure_zero

Skill      XL: |  1  2  3  4  5  6  7  8  9 10 |
---------------+-------------------------------+-----
Short Blades   | 2 3 4 |  4.2
Fighting       | 4 5 6 9 11 13 14 | 14.0
Armour         | 7 |  7.8
Shields        | |  2.6

Action                   |  1- 3 |  4- 6 |  7- 9 | 10-12 || total
-------------------------+-------+-------+-------+-------++-------
Melee: Rapier            |   138 |   250 |   457 |   182 ||  1027
  Use: Scroll            |     5 |    10 |     4 |     3 ||    22
       Potion            |       |     1 |     3 |     8 ||    12
 Stab: Distracted        |       |       |     4 |       ||     4
Armor: Scale mail        |    38 |       |       |       ||    38
       Plate armour      |    65 |   190 |   312 |   143 ||   710
       Skin              |       |    19 |       |     1 ||    20
Dodge: Dodged            |    43 |    55 |   204 |    91 ||   393
Block: Buckler           |    25 |    57 |   102 |    55 ||   239

Table legend: (Time is in decaauts)
 A = Elapsed time spent in this place.
 B = Non-inter-level travel time spent in this place.
 C = Inter-level travel time spent in this place.
 D = Time resting spent in this place.
 E = Time spent auto-exploring this place.
 F = Levels seen in this place.
 G = Mean time per level.
                   A        B        C        D        E       F      G
               +--------+--------+--------+--------+--------+-----+--------+
         Total |  13773 |  13352 |    421 |   1750 |   9466 |  10 | 1377.3 |
       Dungeon |  13589 |  13173 |    416 |   1750 |   9302 |   9 | 1509.9 |
        Temple |    183 |    178 |      5 |      0 |    164 |   1 |  183.0 |
               +--------+--------+--------+--------+--------+-----+--------+

Top non-repeatable levels by time:
     D:8: 2348 daAuts
     D:6: 1942 daAuts
     D:7: 1763 daAuts
     D:1: 1576 daAuts
     D:9: 1456 daAuts
     D:4: 1351 daAuts
     D:2: 1221 daAuts
     D:3: 966 daAuts
     D:5: 961 daAuts
  Temple: 183 daAuts
